 Dungeon Crawl Stone Soup version 0.30-a0-867-g305f33218d (webtiles) character file.

Game seed: 1515495521459817610

2303 Firecrotchwizard the Trooper (level 9, -6/68 HPs)
             Began as a Djinni Fire Elementalist on Mar 10, 2023.
             Mangled by Joseph
             ... wielding a +0 quarterstaff
              (8 damage)
             ... on level 7 of the Dungeon.
             The game lasted 00:15:31 (5755 turns).

Firecrotchwizard the Trooper (DjFE)                 Turns: 5755, Time: 00:15:31

Health: -6/68      AC:  5    Str:  9    XL:     9   Next: 67%
Gold:   1439       EV: 12    Int: 20    God:
                   SH:  0    Dex: 17

rFire   + . .      SeeInvis .    g - +10 spear of a treasure trove {heavy, +Blink rPois rF- Dex+4}
rCold   x . .      Faith    .    (no shield)
rNeg    . . .      Spirit   .    a - +0 robe
rPois   ∞          Reflect  .    B - +0 helmet
rElec   .          Rampage  .    i - +0 cloak
rCorr   .                        c - +0 pair of gloves
Will    .....                    (boots unavailable)
Stlth   ++                       z - amulet of regeneration
HPRegen 1.11/turn                (no ring)
MPRegen 0.00/turn                (no ring)

@: flying
A: sickness immunity, fire resistance 2, cold vulnerability 1, float, innate
caster, HP casting, extra vitality 1
a: Evoke Blink


You were on level 7 of the Dungeon.
You visited 2 branches of the dungeon, and saw 8 of its levels.

You collected 1439 gold pieces.

Inventory:

Hand Weapons
 e - a +0 dagger
   (You took it off a goblin on level 1 of the Dungeon)
 f - a +1 vampiric short sword
   (You found it on level 1 of the Dungeon)
 g - the +10 spear of a treasure trove (weapon) {heavy, +Blink rPois rF- Dex+4}
   (You took it off a kobold on level 3 of the Dungeon)

   Dex:       It affects your dexterity (+4).
   rF:        It makes you vulnerable to fire.
   rPois:     It protects you from poison.
   +Blink:    It lets you blink.
Missiles
 h - 5 poisoned darts
 r - 4 throwing nets {!d}
 s - 30 stones (quivered)
 A - 4 javelins
Armour
 a - a +0 robe (worn)
 c - a +0 pair of gloves (worn)
   (You found it on level 1 of the Dungeon)
 i - a +0 cloak (worn)
   (You found it on level 3 of the Dungeon)
 B - a +0 helmet (worn)
   (You found it on level 5 of the Dungeon)
Magical Staves
 y - a staff of air {rElec}
   (You found it on level 5 of the Dungeon)
Jewellery
 z - an amulet of regeneration (around neck)
   (You found it on level 5 of the Dungeon)
Wands
 j - a wand of polymorph (3)
   (You found it on level 6 of the Dungeon)
Scrolls
 m - 2 scrolls of enchant weapon
 X - a scroll of magic mapping {@r4!r}
Potions
 b - 2 potions of brilliance {unknown}
 d - a potion of magic {unknown}
 k - a potion of ambrosia {unknown}
 l - a potion of mutation {unknown}
 n - 2 potions of resistance {unknown}
 o - a potion of berserk rage {unknown}
 p - 2 potions of attraction {unknown}
 q - a potion of invisibility {unknown}
 v - 3 potions of lignification {unknown}
 E - a potion of haste {unknown}
 F - a potion of flight {unknown}
 J - 3 potions of curing {@q1}
 M - a potion of might
 N - 5 potions of heal wounds {@q2}


   Skills:
 + Level 7.1 Fighting
 - Level 2.1 Dodging
 - Level 1.5 Stealth
 + Level 6.1 Spellcasting
 + Level 6.5 Evocations


You knew the following spells:

 Your Spells              Type           Power      Damage    Failure   Level
a - Foxfire               Conj/Fire      100%       2x1d9     1%          1
b - Scorch                Fire           60%        2d8       1%          2
c - Kindle Blastsparks    Fire/Tloc/Air  60%        2d15      2%          3
d - Inner Flame           Hex/Fire       30%        N/A       2%          3
e - Flame Wave            Conj/Fire      30%        2d9       9%          4
f - Poisonous Vapours     Pois/Air       60%        N/A       1%          2
g - Apportation           Tloc           60%        N/A       1%          1
h - Static Discharge      Conj/Air       60%        2-5/arc   1%          2
i - Fulminant Prism       Conj/Hex       15%        3d10      9%          4
Your spell library was empty.

Dungeon Overview and Level Annotations

Branches:
Dungeon (7/15)             Temple (1/1) D:7

Altars:
Ashenzari
Cheibriados
Dithmenos
Elyvilon
Fedhas
Gozag
Nemelex Xobeh
Okawaru
Qazlal
Ru
Uskayaw
Yredelemnul
Zin
The Shining One

Annotations:
D:6 Menkaure
D:7 Joseph


Innate Abilities, Weirdness & Mutations

You are immune to sickness and miasma.
You are immune to poison.
Your flesh is very heat resistant. (rF++)
You are vulnerable to cold. (rC-)
You float through the air rather than walking.
You learn spells naturally, not from books.
Your magical power is your life essence.
You have superior vitality. (+4 MHP)


Message History

Flames lash the water moccasin.
The water moccasin's fire resistance burns away.
The foxfire hits the water moccasin.
The water moccasin is burned terribly!
The foxfire hits the water moccasin.
The water moccasin is burned terribly!
The water moccasin bites you but does no damage.
An iguana comes into view.
You take 1 damage, and have 40/67 hp.
You conjure some foxfire!
The killer bee is no longer more vulnerable to fire.
The water moccasin closely misses you.
The water moccasin bites you but does no damage.
Flames lash the killer bee.
The killer bee's fire resistance burns away.
The foxfire hits the water moccasin.
The water moccasin is burned terribly!
The foxfire hits the water moccasin!
The water moccasin is burned terribly!
You kill the water moccasin!
The killer bee stings you but does no damage.
Your Fighting skill increases to level 7!
Your Spellcasting skill increases to level 6!
You conjure some foxfire!
The killer bee stings you.
The foxfire hits the killer bee!
You take 4 damage, and have 36/68 hp.
Flames lash the killer bee.
The killer bee's fire resistance burns away.
The foxfire hits the killer bee.
You kill the killer bee!
The killer bee barely misses you. The killer bee stings you.
The killer bee stings you!
You take 9 damage, and have 27/68 hp.
You conjure some foxfire!
The killer bee is no longer more vulnerable to fire.
The killer bee stings you.
The killer bee stings you but does no damage.
The iguana bites you!
* * * LOW HITPOINT WARNING * * *
Joseph, a Mercenary comes into view.
He is wielding a +0 quarterstaff and wearing a +2 ring mail of poison resistance.
The killer bee barely misses you.
The killer bee stings you but does no damage.
You take 12 damage, and have 15/68 hp.
Flames lash the killer bee.
The killer bee's fire resistance burns away.
* * * LOW HITPOINT WARNING * * *
The foxfire hits the iguana.
The foxfire hits the killer bee!
The killer bee is burned terribly!
You kill the killer bee!
The killer bee stings you but does no damage.
The iguana barely misses you. The killer bee misses you.
You take 1 damage, and have 14/68 hp.
You conjure some foxfire!
* * * LOW HITPOINT WARNING * * *
The killer bee closely misses you. The iguana completely misses you.
The foxfire hits Joseph.
The killer bee stings you.
* * * LOW HITPOINT WARNING * * *
You take 5 damage, and have 9/68 hp.
Flames lash the killer bee.
The killer bee is burned terribly!
You kill the killer bee!
* * * LOW HITPOINT WARNING * * *
The foxfire hits Joseph.
The iguana misses you.
You take 1 damage, and have 8/68 hp.
You conjure some foxfire!
* * * LOW HITPOINT WARNING * * *
The iguana closely misses you. Joseph closely misses you.
Flames lash Joseph.
Joseph's fire resistance burns away.
* * * LOW HITPOINT WARNING * * *
The foxfire hits Joseph!
Joseph is burned terribly!
The foxfire hits Joseph but does no damage.
The iguana bites you.
* * * LOW HITPOINT WARNING * * *
Joseph completely misses you.
You take 7 damage, and have 2/68 hp.
Okay, then.
You blink.
Joseph unwields a +0 quarterstaff.
Joseph wields a +0 sling.
Joseph shoots a sling bullet.
The sling bullet barely misses you.
Okay, then.
Aim: Joseph, wielding a +0 sling and wearing a +2 ring mail of poison resistance (moderately wounded, more vulnerable to fire, will become an acid dragon, a rime drake, or a hog, chance to affect: 48%) Joseph resists with some effort.
Aim: Joseph, wielding a +0 sling and wearing a +2 ring mail of poison resistance (moderately wounded, more vulnerable to fire, will become an acid dragon, a rime drake, or a hog, chance to affect: 48%) Joseph resists with some effort.
Joseph shoots a sling bullet.
The sling bullet barely misses you.
Aim: Joseph, wielding a +0 sling and wearing a +2 ring mail of poison resistance (moderately wounded, more vulnerable to fire, will become an acid dragon, a rime drake, or a hog, chance to affect: 48%) Joseph resists with some effort.
Joseph is no longer more vulnerable to fire.
Flames lash Joseph.
Joseph's fire resistance burns away.
* * * LOW HITPOINT WARNING * * *
You feel stable enough to blink again. The iguana bites you.
* * * LOW HITPOINT WARNING * * *
Joseph says, "You must be punished!
Or...
I want to punish you!"
You take 2 damage, and have 4/68 hp.
Flames lash the iguana.
The iguana's fire resistance burns away.
* * * LOW HITPOINT WARNING * * *
The iguana barely misses you.
Joseph unwields a +0 sling.
Joseph wields a +0 quarterstaff.
Joseph misses you.
You take 1 damage, and have 3/68 hp.
Flames lash the iguana.
The iguana is burned terribly!
* * * LOW HITPOINT WARNING * * *
The iguana misses you. Joseph hits you with a +0 quarterstaff!
You die...

.##+#+#...§..#####....##).)).....
,,,......§.§..........##.##......
,,,...................##........#
,,,...................#.........#
,,,............#####............#
,,,..............................
,,,..................##..........
***#.............................
****......#.....@.......#........
,,**,,,,,......@l.......#.##.....
,,**,,,,,..#............#.##.....
,,****,,,......>.................
,,,,,,,,,....#......####^####....
,,,,,,,,,....#.†.†..#,.....,#....
,,,,,,,**###+#.#†##.#.......#....
,,,,,,,,,,,,...#.#..#.......#....
,,,,,,,,,,.....#.#..^..._...^....


You could see Joseph (combustible) and an iguana (combustible).

Vanquished Creatures
  Grinder (D:6)
  2 yaks (D:5)
  3 water moccasins (D:7)
  An orc warrior (D:6)
  2 black bears
  A centaur (D:6)
  2 phantoms (D:6)
  2 bullfrogs
  A scorpion (D:6)
  6 killer bees (D:7)
  A jelly (D:5)
  2 gnoll boudas
  2 hounds
  3 iguanas
  An orc wizard (D:6)
  16 gnolls
  10 adders
  A worm (D:3)
  3 dart slugs
  11 orcs
  9 ball pythons
  4 endoplasms
  2 giant cockroaches
  7 goblins
  8 hobgoblins
  A bat (D:1)
  2 frilled lizards
  5 kobolds
  3 rats
112 creatures vanquished.

Vanquished Creatures (others)
  A phantom (D:4)
  341 foxfires
342 creatures vanquished.

Grand Total: 454 creatures vanquished

Notes
Turn   | Place    | Note
-------+----------+-------------------------------------------
     0 | D:1      | Firecrotchwizard the Djinni Fire Elementalist began the
                  | quest for the Orb.
     0 | D:1      | Firecrotchwizard set off with the following spells
                  | memorised: Foxfire, Scorch, Kindle Blastsparks, Inner
                  | Flame, Flame Wave.
     0 | D:1      | Reached XP level 1. HP: 15/15 MP: 0/0
   392 | D:1      | Reached skill level 1 in Fighting
   392 | D:1      | Reached XP level 2. HP: 21/22 MP: 0/0
   987 | D:2      | Found a faded altar of an unknown god.
  1001 | D:2      | Reached XP level 3. HP: 14/27 MP: 0/0
  1001 | D:2      | Learned a level 1 spell: Apportation
  1217 | D:2      | Reached skill level 2 in Fighting
  1217 | D:2      | Reached skill level 3 in Spellcasting
  1392 | D:2      | Reached XP level 4. HP: 32/33 MP: 0/0
  1734 | D:3      | Identified the +10 spear of a treasure trove {heavy, +Blink
                  | rPois rF- Dex+4}
  1980 | D:3      | Found an iron altar of Okawaru.
  2296 | D:3      | Reached XP level 5. HP: 37/39 MP: 0/0
  2296 | D:3      | Learned a level 2 spell: Poisonous Vapours
  2346 | D:3      | Reached skill level 1 in Evocations
  2599 | D:4      | Noticed a phantom
  2603 | D:4      | Killed a phantom
  2622 | D:4      | Reached skill level 3 in Fighting
  3010 | D:4      | Reached XP level 6. HP: 43/46 MP: 0/0
  3202 | D:4      | Noticed a black bear
  3208 | D:4      | Killed a black bear
  3209 | D:4      | Reached skill level 2 in Evocations
  3397 | D:5      | Entered Level 5 of the Dungeon
  3397 | D:5      | Noticed a yak
  3400 | D:5      | Noticed a yak
  3401 | D:5      | Noticed a yak
  3578 | D:5      | Reached skill level 4 in Fighting
  3578 | D:5      | Reached skill level 4 in Spellcasting
  3578 | D:5      | Reached XP level 7. HP: 51/52 MP: 0/0
  3578 | D:5      | Learned a level 2 spell: Static Discharge
  3586 | D:5      | Reached skill level 3 in Evocations
  3845 | D:5      | Noticed a yak
  3845 | D:5      | Noticed a yak
  3845 | D:5      | Noticed a yak
  4114 | D:5      | Killed a yak
  4361 | D:5      | Killed a yak
  4362 | D:5      | Reached skill level 5 in Fighting
  4362 | D:5      | Reached skill level 4 in Evocations
  4362 | D:5      | Reached XP level 8. HP: 44/59 MP: 0/0
  4575 | D:6      | Found a white marble altar of Elyvilon.
  4575 | D:6      | Found a glowing golden altar of the Shining One.
  4575 | D:6      | Found a glowing silver altar of Zin.
  4637 | D:6      | Reached skill level 5 in Spellcasting
  4725 | D:6      | Found a broken altar of Ashenzari.
  4739 | D:6      | Reached skill level 5 in Evocations
  4793 | D:6      | Noticed Grinder
  4806 | D:6      | Paralysed by Grinder for 5 turns
  4811 | D:6      | Killed Grinder
  4812 | D:6      | Reached skill level 6 in Fighting
  4812 | D:6      | Reached XP level 9. HP: 65/66 MP: 0/0
  4812 | D:6      | Learned a level 4 spell: Fulminant Prism
  4868 | D:6      | Noticed Menkaure
  5475 | D:7      | Identified a scroll of acquirement
  5475 | D:7      | Acquired 1134 gold pieces
  5580 | D:7      | Found a staircase to the Ecumenical Temple.
  5593 | D:7      | Reached skill level 6 in Evocations
  5595 | Temple   | Entered the Ecumenical Temple
  5595 | Temple   | Found a transporter.
  5595 | Temple   | Found a transporter.
  5597 | Temple   | Found a transporter.
  5597 | Temple   | Found a transporter.
  5709 | D:7      | Found a shadowy altar of Dithmenos.
  5741 | D:7      | Reached skill level 7 in Fighting
  5741 | D:7      | Reached skill level 6 in Spellcasting
  5743 | D:7      | HP: 15/68 [iguana (9)]
  5743 | D:7      | Noticed Joseph
  5748 | D:7      | HP: 2/68 [iguana (6)]
  5753 | D:7      | HP: 4/68 [iguana (1)]
  5755 | D:7      | Mangled by Joseph

Illustrated notes

Levels and vault maps discovered:
D:1:      arrival_zaba_pyramid, layout_basic
D:2:      layout_rooms, ebering_ecumenical_altar_sacrificial
D:3:      layout_basic, lemuel_doored_altar
D:4:      layout_loops_ring, mainiacjoe_overflow_six_doors_small,
          nicolae_sif_muna_condensation, lemuel_flame_loot_1
D:5:      layout_rooms
D:6:      layout_loops_corners, dreamdust_divine_triumvirate,
          mainiacjoe_overflow_concentric_impassable, dk_noncrumbling_2,
          st_stairs_4, chequers_serial_rivers_marsh, uniq_menkaure, uniq_grinder
D:7:      layout_basic, lemuel_tele_altar, nicolae_overflow_hidden_temple,
          minmay_temple_entry_purple_smoke, serial_shops,
          nicolae_lakefront_shop, uniq_joseph
Temple:   hellmonk_temple_divided_pantheon

Skill      XL: |  1  2  3  4  5  6  7  8  9 |
---------------+----------------------------+-----
Fighting       | 1 2 3 4 5 6 7 |  7.1
Spellcasting   | 3 4 5 6 |  6.1
Evocations     | 1 2 4 5 6 |  6.5
Dodging        | |  2.1
Stealth        | |  1.5

Action                     |  1- 3 |  4- 6 |  7- 9 || total
---------------------------+-------+-------+-------++-------
  Melee: Dagger            |     7 |       |       ||     7
         Short sword       |     8 |     1 |       ||     9
         Unarmed           |     1 |       |       ||     1
         Punch             |     1 |       |       ||     1
         Spear             |       |    36 |    19 ||    55
  Throw: Stone             |       |    13 |       ||    13
   Cast: Foxfire           |    49 |    52 |   103 ||   204
         Scorch            |       |     9 |    37 ||    46
Ability: Evoke Blink       |       |       |     1 ||     1
  Evoke: Wand              |       |       |     3 ||     3
    Use: Scroll            |       |     4 |     9 ||    13
   Stab: Sleeping          |       |     3 |       ||     3
 Armour: Robe              |     5 |     8 |    16 ||    29
  Dodge: Dodged            |     9 |    25 |    41 ||    75

Table legend: (Time is in decaauts)
 A = Elapsed time spent in this place.
 B = Non-inter-level travel time spent in this place.
 C = Inter-level travel time spent in this place.
 D = Time resting spent in this place.
 E = Time spent auto-exploring this place.
 F = Levels seen in this place.
 G = Mean time per level.
                   A        B        C        D        E       F      G
               +--------+--------+--------+--------+--------+-----+--------+
         Total |   5786 |   5595 |    191 |    536 |   4212 |   8 |  723.2 |
       Dungeon |   5751 |   5568 |    183 |    536 |   4205 |   7 |  821.6 |
        Temple |     35 |     27 |      8 |      0 |      7 |   1 |   35.0 |
               +--------+--------+--------+--------+--------+-----+--------+

Top non-repeatable levels by time:
     D:6: 1052 daAuts
     D:5: 984 daAuts
     D:1: 927 daAuts
     D:3: 900 daAuts
     D:4: 892 daAuts
     D:2: 745 daAuts
     D:7: 248 daAuts
  Temple: 35 daAuts

Table legend:
 A = Kills in this place as a percentage of kills in the entire game.
 B = Kills by you in this place as a percentage of kills by you in the entire game.
 C = Kills by friends in this place as a percentage of kills by friends in the entire game.
 D = Other kills in this place as a percentage of other kills in the entire game.
 E = Experience gained in this place as a percentage of experience gained in the entire game.
 F = Experience gained in this place divided by the number of levels of this place that you have seen.
                   A       B       C       D       E      F
               +-------+-------+-------+-------+-------+----------------------
         Total | 100.0 | 100.0 |   N/A |   N/A | 100.0 | 411.2
       Dungeon | 100.0 | 100.0 |   N/A |   N/A | 100.0 | 470.0
               +-------+-------+-------+-------+-------+----------------------
